[Event "ESTCC-65 2025"]
[Site "Swidnica"]
[Date "2025.04.10"]
[Round "7"]
[White "Westerinen, Heikki M.J."]
[Black "Rooze, Jan"]
[Result "1-0"]
[Annotator "ChessBase"]
[ECO "B40"]
[WhiteElo "2209"]
[BlackElo "2198"]
[PlyCount "61"]
[EventDate "2025.04.05"]
[EventType "team-tourn"]
[EventCountry "POL"]
[SourceTitle "playchess.com"]
[Source "ChessBase"]
[SourceQuality "1"]
[WhiteTeam "Finland"]
[BlackTeam "Belgium"]
[WhiteTeamCountry "FIN"]
[BlackTeamCountry "BEL"]
[TimeControl "40/5400+30:1800+30"]

1. e4 c5 2. Nf3 e6 3. c3 Nf6 4. Bd3 Nc6 5. O-O d5 6. e5 Nd7 7. Bb5 Be7 8. d4 O-O 9. Re1 Re8 10. Bd3 Nf8 11. Be3 b6 12. Nbd2 a5 13. a4 Ba6 14. Bc2 cxd4 15. Bxd4 Rc8 16. Nf1 Nxd4 17. Nxd4 Ng6 18. Qh5 Rc7 19. Rad1 Rf8 20. Ne3 Bc5 21. Nf3 Qe8 22. Ng4 Be7 23. Re3 Qd8 24. Nd4 Bg5 25. Rh3 h6 26. Bxg6 fxg6 27. Qxg6 Qe8 28. Nxh6+ Bxh6 29. Rxh6 Qxg6 30. Rxg6 Kf7 31. Rxg7+ 1-0

[Event "ESTCC-65 2025"]
[Site "Swidnica"]
[Date "2025.04.10"]
[Round "7"]
[White "Goormachtigh, Johan"]
[Black "Joentausta, Hannu"]
[Result "1/2-1/2"]
[Annotator "ChessBase"]
[ECO "E11"]
[WhiteElo "2207"]
[BlackElo "2081"]
[PlyCount "81"]
[EventDate "2025.04.05"]
[EventType "team-tourn"]
[EventCountry "POL"]
[SourceTitle "playchess.com"]
[Source "ChessBase"]
[SourceQuality "1"]
[WhiteTeam "Belgium"]
[BlackTeam "Finland"]
[WhiteTeamCountry "BEL"]
[BlackTeamCountry "FIN"]
[TimeControl "40/5400+30:1800+30"]

1. d4 Nf6 2. c4 e6 3. Nf3 Bb4+ 4. Bd2 c5 5. Bxb4 cxb4 6. g3 O-O 7. Bg2 d6 8. O-O Qc7 9. Qd3 a5 10. Nbd2 Na6 11. Rfd1 b6 12. Rac1 Bb7 13. Ne1 Bxg2 14. Nxg2 e5 15. Ne3 exd4 16. Qxd4 Nc5 17. Nf3 Rad8 18. Nd5 Nxd5 19. Qxd5 Rfe8 20. Nd4 Qd7 21. Rc2 Ne6 22. Nxe6 Rxe6 23. Rcd2 Qc7 24. e3 Kf8 25. b3 Rc8 26. Qf5 g6 27. Qf4 Rd8 28. Rd5 Kg8 29. Qd4 Qc6 30. Qf4 Qc7 31. Rb5 Re5 32. Rxe5 dxe5 33. Rxd8+ Qxd8 34. Qxe5 Qd1+ 35. Kg2 Qb1 36. Qb8+ Kg7 37. Qxb6 Qe4+ 38. Kg1 Qb1+ 39. Kg2 Qe4+ 40. Kf1 Qb1+ 41. Kg2 1/2-1/2

[Event "ESTCC-65 2025"]
[Site "Swidnica"]
[Date "2025.04.10"]
[Round "7"]
[White "Vatter, Hans-Joachim"]
[Black "Czajkowski, Ryszard"]
[Result "1-0"]
[Annotator "ChessBase"]
[ECO "C02"]
[WhiteElo "2192"]
[BlackElo "1963"]
[PlyCount "57"]
[EventDate "2025.04.05"]
[EventType "team-tourn"]
[EventCountry "POL"]
[SourceTitle "playchess.com"]
[Source "ChessBase"]
[SourceQuality "1"]
[WhiteTeam "Germany"]
[BlackTeam "Poland"]
[WhiteTeamCountry "GER"]
[BlackTeamCountry "POL"]
[TimeControl "40/5400+30:1800+30"]

1. e4 e6 2. d4 d5 3. e5 Qd7 4. Nf3 b6 5. a4 a5 6. Bb5 c6 7. Bd3 Ba6 8. O-O Ne7 9. Na3 Ng6 10. c3 Be7 11. Re1 Bxd3 12. Qxd3 Qb7 13. b3 Qa6 14. c4 Nd7 15. Qc2 Rc8 16. cxd5 cxd5 17. Qd1 O-O 18. Nb5 Nb8 19. h4 Bb4 20. Bd2 Nc6 21. h5 Nge7 22. h6 Ng6 23. hxg7 Kxg7 24. Bg5 Be7 25. Nd6 Rcd8 26. Rc1 Bxg5 27. Nxg5 Nce7 28. Ndxf7 Rc8 29. Qh5 1-0

[Event "ESTCC-65 2025"]
[Site "Swidnica"]
[Date "2025.04.10"]
[Round "7"]
[White "Zyla, Janusz"]
[Black "Miltner, Arndt"]
[Result "1-0"]
[Annotator "ChessBase"]
[ECO "C41"]
[WhiteElo "2181"]
[BlackElo "2232"]
[PlyCount "48"]
[EventDate "2025.04.05"]
[EventType "team-tourn"]
[EventCountry "POL"]
[SourceTitle "playchess.com"]
[Source "ChessBase"]
[SourceQuality "1"]
[WhiteTeam "Poland"]
[BlackTeam "Germany"]
[WhiteTeamCountry "POL"]
[BlackTeamCountry "GER"]
[TimeControl "40/5400+30:1800+30"]

1. e4 d6 2. d4 Nf6 3. Nc3 e5 4. Nf3 Nbd7 5. Bc4 Be7 6. O-O O-O 7. a4 a5 8. Re1 exd4 9. Nxd4 Nb6 10. Bf1 Nfd7 11. h3 Bf6 12. Be3 Re8 13. Ndb5 Nc5 14. Bxc5 dxc5 15. e5 Qxd1 16. Raxd1 Bd8 17. Ne4 c4 18. Nc5 Rb8 19. g4 Be6 20. Bg2 Bc8 21. b3 cxb3 22. cxb3 c6 23. Nd6 Rf8 24. Nxc8 Nxc8 1-0

[Event "ESTCC-65 2025"]
[Site "Swidnica"]
[Date "2025.04.10"]
[Round "7"]
[White "Baker, Chris W"]
[Black "Higgie, Charles L"]
[Result "1/2-1/2"]
[Annotator "ChessBase"]
[ECO "A49"]
[WhiteElo "2151"]
[BlackElo "1992"]
[PlyCount "41"]
[EventDate "2025.04.05"]
[EventType "team-tourn"]
[EventCountry "POL"]
[SourceTitle "playchess.com"]
[Source "ChessBase"]
[SourceQuality "1"]
[WhiteTeam "England"]
[BlackTeam "England"]
[WhiteTeamCountry "ENG"]
[BlackTeamCountry "ENG"]
[TimeControl "40/5400+30:1800+30"]

1. d4 Nf6 2. Nf3 g6 3. g3 Bg7 4. Bg2 c5 5. O-O cxd4 6. Nxd4 d5 7. c4 O-O 8. cxd5 Nxd5 9. Nb5 Nb4 10. Qa4 N8c6 11. a3 Na6 12. N1c3 Qa5 13. Qh4 Be6 14. b4 Naxb4 15. axb4 Qxa1 16. Bh6 Qa6 17. Bxg7 Kxg7 18. Nc7 Qc4 19. Qxc4 Bxc4 20. Nxa8 Rxa8 21. b5 1/2-1/2

[Event "ESTCC-65 2025"]
[Site "Swidnica"]
[Date "2025.04.10"]
[Round "7"]
[White "Vinke, Dietmar"]
[Black "Stuer, Marc"]
[Result "1/2-1/2"]
[Annotator "NA"]
[ECO "A85"]
[WhiteElo "2078"]
[BlackElo "2038"]
[PlyCount "56"]
[EventDate "2025.04.05"]
[EventType "team-tourn"]
[EventCountry "POL"]
[SourceTitle "playchess.com"]
[Source "ChessBase"]
[SourceQuality "1"]
[WhiteTeam "Finland"]
[BlackTeam "Belgium"]
[WhiteTeamCountry "FIN"]
[BlackTeamCountry "BEL"]
[TimeControl "40/5400+30:1800+30"]

1. d4 f5 2. c4 Nf6 3. Nc3 g6 4. g3 Bg7 5. Bg2 O-O 6. Nh3 e6 7. O-O d6 8. Nf4 c6 9. Nd3 Nbd7 10. Qc2 e5 11. dxe5 dxe5 12. e4 Nxe4 13. Nxe4 fxe4 14. Bxe4 Nf6 15. Bg5 Qd4 16. Bxf6 Rxf6 17. Rfe1 Be6 18. Rad1 Raf8 19. Nf4 Qxc4 20. Nxe6 Qxe6 21. f3 R6f7 22. b3 Rd7 23. Rxd7 Qxd7 24. Rd1 Qe7 25. Qc4+ Kh8 26. a4 Rd8 27. Rxd8+ Qxd8 28. Qd3 Qxd3 1/2-1/2

[Event "ESTCC-65 2025"]
[Site "Swidnica"]
[Date "2025.04.10"]
[Round "7"]
[White "Quinn, John M"]
[Black "Nunn, John D M"]
[Result "0-1"]
[Annotator "TA"]
[ECO "E90"]
[WhiteElo "2073"]
[BlackElo "2528"]
[PlyCount "178"]
[EventDate "2025.04.05"]
[EventType "team-tourn"]
[EventCountry "POL"]
[SourceTitle "playchess.com"]
[Source "ChessBase"]
[SourceQuality "1"]
[WhiteTeam "England"]
[BlackTeam "England"]
[WhiteTeamCountry "ENG"]
[BlackTeamCountry "ENG"]
[TimeControl "40/5400+30:1800+30"]

1. d4 Nf6 2. c4 g6 3. Nc3 Bg7 4. e4 d6 5. Nf3 O-O 6. h3 e5 7. d5 Nh5 8. g3 {[%emt 0:01:37] E90: King's Indian: Classical: Early deviations and 6 h3.} f5 9. exf5 gxf5 10. Nh4 {[%emt 0:00:12] White is slightly better. 10.Nh4 scores better than 10.Ng5.} Nf6 11. Qc2 Na6 12. a3 {[%emt 0:02:21] Prevents Nb4.} (12. Nxf5 Nb4 13. Qa4 Bxf5 $11) (12. Bg5 $14) 12... Nc5 $11 13. Be3 e4 14. O-O-O a5 15. Ng2 $146 (15. f4 exf3 16. Nxf3 Nfe4 17. Bd4 Qe7 18. Rg1 Bd7 19. Kb1 {0-1 Ovchinnikov,V (2426)-Souleidis,G (2410) Titled Tuesday intern op 06th Sep Late blitz 2022 (11)}) 15... Qe8 16. Nb5 Qe7 17. Nf4 a4 18. Kb1 Nb3 19. Nd4 (19. Be2 $16) 19... Nxd4 $14 20. Bxd4 c6 ({Black should try} 20... c5 $14 21. dxc6 bxc6) 21. c5 $16 Nxd5 22. cxd6 (22. Bc4 $16) 22... Qxd6 $14 23. Nxd5 ({Better is} 23. Bc4 $14 Bxd4 24. Bxd5+ (24. Rxd4 Be6 $18) 24... cxd5 25. Rxd4) 23... cxd5 $11 24. Bc5 Qc6 {[%emt 0:02:08] [#]} 25. Rd3 $2 {[%mdl 8192] [#]} d4 $2 26. Rxd4 $19 Bd7 $2 {[%mdl 8192] [#]} (26... Bxd4 $17 27. Bc4+ Be6 28. Bxe6+ Qxe6 29. Bxd4 Rfe8) 27. Rd5 Be6 $2 (27... Qxd5 $2 {is the wrong capture.} 28. Bc4 $18) (27... Rfc8 $1 $17 {[%cal Od7e6] and life is bright. Threatens to win with ...Be6!.} 28. Bc4 Be6) 28. Rd6 $18 Bb3 {[%emt 0:00:25] [#]} 29. Rxc6 $2 (29. Bc4+ $1 $18 Kh8 30. Bxb3 axb3 31. Qc4) 29... Bxc2+ $11 30. Kxc2 bxc6 31. Bc4+ {[%emt 0:00:08] A strong pair of Bishops.} Kh8 32. Bxf8 Rxf8 {[%emt 0:00:06][%mdl 4096] Endgame KRB-KRB} 33. Rd1 c5 {[%emt 0:00:22] Opposite bishops and equal position} 34. Rd7 Rb8 35. b3 axb3+ 36. Bxb3 Bd4 37. Rf7 Bxf2 38. Rxf5 Bd4 39. Rf7 Re8 40. Bc4 e3 41. Be2 Ra8 42. Kb3 Rb8+ 43. Kc4 Kg8 44. Ra7 Rb2 45. Bh5 Rh2 46. Bg4 Kf8 47. Ra8+ Kf7 48. Ra7+ Kg6 49. Ra6+ Kg5 50. Ra8 h5 51. Rg8+ Kf6 52. Bxh5 e2 ({Don't take} 52... Rxh3 53. Be2 $17) 53. Re8 Be5 54. Bxe2 Rxe2 $15 {[%emt 0:00:00] KRB-KR} 55. Kd5 {[%emt 0:00:33] [#]} c4 $1 56. Kxc4 Kf7 57. Ra8 Bxg3 58. Kd5 Re5+ 59. Kd4 Rh5 60. Ra7+ Ke6 {[%emt 0:00:12] ( -> ...Bf2+)} 61. Ra6+ Bd6 62. a4 Rh4+ (62... Rxh3 $2 63. Ra8 Rh1 64. a5 $19) 63. Kd3 Rxh3+ 64. Ke4 Rh4+ 65. Kd3 Kd5 66. Ra8 Rh3+ 67. Kd2 Kc6 68. Ra6+ Kc7 69. Ra7+ Kb6 70. Rd7 Bc5 71. Rf7 Ra3 72. Rf6+ Kc7 73. Rf5 Kc6 74. Kc2 Rxa4 75. Kb3 Rh4 76. Rf3 Kd5 77. Rd3+ Bd4 78. Rg3 Rh2 {[%emt 0:00:37] ( -> ...Rb2+)} 79. Rg5+ Be5 80. Rf5 Rb2+ 81. Ka3 Rb8 82. Rh5 Rb7 83. Rf5 Ke4 84. Rh5 Kd4 85. Rh1 $2 {[%emt 0:01:39][%mdl 8192] [#]} (85. Ka4 $17) 85... Kc4 $1 {[%emt 0:00:12][%cal Rb7a7] Black mates.} 86. Rh4+ Bd4 87. Ka2 Rb2+ 88. Ka3 Rg2 89. Rf4 Rg1 {[%emt 0:00:09] Weighted Error Value: White=0.28 (precise) /Black=0.32  Loses game:     	White=2     	Black=1      Missed win:     	White=1     	---        Mistake:       	White=5     	Black=3      Inaccurate:     	White=1     	Black=3      OK:         	White=27    	Black=41     Best:        	White=4     	Black=7      Strong:       	---       	Black=1} 0-1

[Event "ESTCC-65 2025"]
[Site "Swidnica"]
[Date "2025.04.10"]
[Round "7"]
[White "Hewson, Brian W R"]
[Black "Large, Peter G"]
[Result "0-1"]
[Annotator "ChessBase"]
[ECO "A40"]
[WhiteElo "2066"]
[BlackElo "2342"]
[PlyCount "80"]
[EventDate "2025.04.05"]
[EventType "team-tourn"]
[EventCountry "POL"]
[SourceTitle "playchess.com"]
[Source "ChessBase"]
[SourceQuality "1"]
[WhiteTeam "England"]
[BlackTeam "England"]
[WhiteTeamCountry "ENG"]
[BlackTeamCountry "ENG"]
[TimeControl "40/5400+30:1800+30"]

1. d4 e6 2. g3 c5 3. e3 Nf6 4. Bg2 d5 5. Nf3 Nc6 6. Nbd2 b6 7. O-O Bb7 8. b3 Rc8 9. Bb2 cxd4 10. Nxd4 Nxd4 11. Bxd4 Bb4 12. a3 Bc3 13. Bxc3 Rxc3 14. Rc1 O-O 15. Nb1 Rc7 16. Re1 Qe7 17. c4 Rfc8 18. Qd2 dxc4 19. Bxb7 Rxb7 20. Rxc4 Rxc4 21. bxc4 Rc7 22. Qd3 g6 23. Nd2 Rd7 24. Qc3 Qd8 25. Nf3 Ne4 26. Qe5 Nc5 27. Qa1 Nd3 28. Rf1 Qc7 29. Qc3 b5 30. Nd2 Qc6 31. Rb1 a6 32. Rf1 h5 33. h4 Kh7 34. Rb1 e5 35. Rb3 Ne1 36. Kf1 Rd3 37. Qc1 Rxb3 38. Nxb3 Nd3 39. cxb5 Qh1+ 40. Ke2 Nxc1+ 0-1

[Event "ESTCC-65 2025"]
[Site "Swidnica"]
[Date "2025.04.10"]
[Round "7"]
[White "Mueller, Gerhard"]
[Black "Jahnel, Guenther"]
[Result "1/2-1/2"]
[Annotator "NA"]
[ECO "D01"]
[WhiteElo "2052"]
[BlackElo "2148"]
[PlyCount "34"]
[EventDate "2025.04.05"]
[EventType "team-tourn"]
[EventCountry "POL"]
[SourceTitle "playchess.com"]
[Source "ChessBase"]
[SourceQuality "1"]
[WhiteTeam "Germany"]
[BlackTeam "Germany"]
[WhiteTeamCountry "GER"]
[BlackTeamCountry "GER"]
[TimeControl "40/5400+30:1800+30"]

1. d4 Nf6 2. Nc3 d5 3. Bg5 Nbd7 4. Nf3 g6 5. e3 Bg7 6. Bd3 O-O 7. O-O b6 8. e4 dxe4 9. Nxe4 Bb7 10. Re1 c5 11. c3 cxd4 12. Nxd4 Ne5 13. Nxf6+ exf6 14. Bf4 Nxd3 15. Qxd3 Qd5 16. Qf3 Qd7 17. Qg3 Rfe8 1/2-1/2

[Event "ESTCC-65 2025"]
[Site "Swidnica"]
[Date "2025.04.10"]
[Round "7"]
[White "Becker, Norbert"]
[Black "Dietze, Frank"]
[Result "1-0"]
[Annotator "ChessBase"]
[ECO "A15"]
[WhiteElo "2032"]
[BlackElo "2102"]
[PlyCount "85"]
[EventDate "2025.04.05"]
[EventType "team-tourn"]
[EventCountry "POL"]
[SourceTitle "playchess.com"]
[Source "ChessBase"]
[SourceQuality "1"]
[WhiteTeam "Germany"]
[BlackTeam "Germany"]
[WhiteTeamCountry "GER"]
[BlackTeamCountry "GER"]
[TimeControl "40/5400+30:1800+30"]

1. c4 Nf6 2. g3 g6 3. Bg2 Bg7 4. Nc3 O-O 5. e4 d6 6. Nge2 c5 7. O-O Nc6 8. d3 Rb8 9. a3 a6 10. Rb1 b5 11. cxb5 axb5 12. b4 cxb4 13. axb4 Ne8 14. Be3 Bg4 15. h3 Bxc3 16. hxg4 Bg7 17. g5 Qd7 18. d4 f6 19. Nf4 Nc7 20. gxf6 exf6 21. Qb3+ Kh8 22. Rfc1 Nd8 23. Rc2 f5 24. exf5 gxf5 25. Rbc1 Nce6 26. Qd5 Nxf4 27. Bxf4 Ne6 28. Be5 Rf7 29. Bxg7+ Nxg7 30. Rc7 Qxc7 31. Rxc7 Rxc7 32. Qxd6 Rcc8 33. Bc6 f4 34. Qxf4 Rf8 35. Qe5 Rbd8 36. d5 Rf5 37. Qe2 Rdf8 38. Qe3 Rf3 39. Qc5 Nh5 40. d6 R3f5 41. Qd4+ Ng7 42. d7 Rd8 43. Qb6 1-0

[Event "ESTCC-65 2025"]
[Site "Swidnica"]
[Date "2025.04.10"]
[Round "7"]
[White "Topchii, Gennadii"]
[Black "Lange, Torsten"]
[Result "1-0"]
[Annotator "NA"]
[ECO "A10"]
[WhiteElo "2012"]
[BlackElo "2025"]
[PlyCount "113"]
[EventDate "2025.04.05"]
[EventType "team-tourn"]
[EventCountry "POL"]
[SourceTitle "playchess.com"]
[Source "ChessBase"]
[SourceQuality "1"]
[WhiteTeam "Germany"]
[BlackTeam "Germany"]
[WhiteTeamCountry "GER"]
[BlackTeamCountry "GER"]
[TimeControl "40/5400+30:1800+30"]

1. c4 d6 2. Nc3 c5 3. g3 Nc6 4. Bg2 g6 5. e3 Bg7 6. Nge2 e6 7. O-O Nf6 8. d4 O-O 9. b3 a6 10. Bb2 Ne7 11. dxc5 dxc5 12. Qxd8 Rxd8 13. Rfd1 Nd7 14. Ba3 Re8 15. Rd2 Ra7 16. Rad1 b6 17. Ne4 Rc7 18. Nd6 Rd8 19. Nxc8 Nxc8 20. Bb2 Bxb2 21. Rxb2 Kf8 22. Rbd2 Ke7 23. Nc3 Re8 24. Ne4 Nf8 25. Kf1 Rd7 26. Rxd7+ Nxd7 27. Rxd7+ Kxd7 28. Nf6+ Ke7 29. Nxe8 Kxe8 30. Bb7 Nd6 31. Bxa6 Kd7 32. f3 e5 33. Ke2 g5 34. g4 h6 35. Bb5+ Kc7 36. Kd3 f6 37. a3 e4+ 38. Ke2 Nf7 39. f4 Nd8 40. Be8 Ne6 41. fxg5 Nxg5 42. Bg6 Kd6 43. h4 Nf3 44. Bxe4 Nxh4 45. b4 cxb4 46. axb4 Ke5 47. Bd3 h5 48. gxh5 f5 49. Kf2 Kf6 50. h6 Ng6 51. Kg3 Ke5 52. h7 Kf6 53. c5 bxc5 54. bxc5 Ke6 55. c6 Nh8 56. Kf4 Ng6+ 57. Kf3 1-0

[Event "ESTCC-65 2025"]
[Site "Swidnica"]
[Date "2025.04.10"]
[Round "7"]
[White "Van Herck, Marcel"]
[Black "Patola, Eero"]
[Result "1-0"]
[Annotator "ChessBase"]
[ECO "B06"]
[WhiteElo "1962"]
[BlackElo "1872"]
[PlyCount "79"]
[EventDate "2025.04.05"]
[EventType "team-tourn"]
[EventCountry "POL"]
[SourceTitle "playchess.com"]
[Source "ChessBase"]
[SourceQuality "1"]
[WhiteTeam "Belgium"]
[BlackTeam "Finland"]
[WhiteTeamCountry "BEL"]
[BlackTeamCountry "FIN"]
[TimeControl "40/5400+30:1800+30"]

1. d4 g6 2. e4 Bg7 3. Nc3 d6 4. Be3 c6 5. f3 Nf6 6. Qd2 b5 7. a4 b4 8. Na2 a5 9. Nc1 O-O 10. Bd3 Nbd7 11. Nge2 e5 12. O-O exd4 13. Nxd4 Bb7 14. Nce2 Ne5 15. c4 Nfd7 16. b3 Nxd3 17. Qxd3 c5 18. Nb5 Bxa1 19. Rxa1 Ne5 20. Qxd6 Qxd6 21. Nxd6 Bc6 22. Bxc5 Rfd8 23. Rd1 Nd7 24. Be3 Nf8 25. Bb6 Rd7 26. e5 Ne6 27. Nd4 Ra6 28. c5 Nxd4 29. Rxd4 Ra8 30. Kf2 Re7 31. Nc4 Bd7 32. Bxa5 Be6 33. Bxb4 Bxc4 34. Rxc4 Rxe5 35. c6 Ree8 36. c7 Rec8 37. Bd6 Ra6 38. Rb4 Rxd6 39. Rb8 Rd2+ 40. Kg3 1-0

[Event "ESTCC-65 2025"]
[Site "Swidnica"]
[Date "2025.04.10"]
[Round "7"]
[White "Krupa, Krzysztof"]
[Black "Vogel, Robert"]
[Result "1/2-1/2"]
[Annotator "ChessBase"]
[ECO "B21"]
[WhiteElo "1919"]
[BlackElo "2145"]
[PlyCount "43"]
[EventDate "2025.04.05"]
[EventType "team-tourn"]
[EventCountry "POL"]
[SourceTitle "playchess.com"]
[Source "ChessBase"]
[SourceQuality "1"]
[WhiteTeam "Poland"]
[BlackTeam "Germany"]
[WhiteTeamCountry "POL"]
[BlackTeamCountry "GER"]
[TimeControl "40/5400+30:1800+30"]

1. e4 c5 2. d4 cxd4 3. c3 d5 4. exd5 Qxd5 5. cxd4 e5 6. Nf3 exd4 7. Qxd4 Qe6+ 8. Qe3 Bc5 9. Bb5+ Nc6 10. Qxe6+ Bxe6 11. O-O Nf6 12. Ne5 O-O 13. Nxc6 bxc6 14. Bxc6 Rab8 15. Nd2 Rfd8 16. h3 Rb6 17. Ba4 Rbd6 18. Nf3 Ra6 19. b3 Bc4 20. bxc4 Rxa4 21. Bb2 Rxc4 22. Rac1 1/2-1/2

[Event "ESTCC-65 2025"]
[Site "Swidnica"]
[Date "2025.04.11"]
[Round "7.1"]
[White "Janocha, Wieslaw"]
[Black "Westerinen, Heikki M.J."]
[Result "1/2-1/2"]
[Annotator "ChessBase"]
[ECO "C08"]
[WhiteElo "2186"]
[BlackElo "2209"]
[PlyCount "56"]
[EventDate "2025.04.05"]
[EventType "team-tourn"]
[EventCountry "POL"]
[SourceTitle "playchess.com"]
[Source "ChessBase"]
[SourceQuality "1"]
[WhiteTeam "Poland"]
[BlackTeam "Finland"]
[WhiteTeamCountry "POL"]
[BlackTeamCountry "FIN"]
[TimeControl "40/5400+30:1800+30"]

1. e4 e6 2. d4 d5 3. Nd2 c5 4. exd5 exd5 5. Ngf3 Nf6 6. Be2 c4 7. O-O Bd6 8. b3 cxb3 9. axb3 O-O 10. Re1 Nc6 11. Bb2 Re8 12. Nf1 Ne4 13. c3 Bg4 14. g3 Qd7 15. Nh4 Be6 16. Ne3 f5 17. Bd3 f4 18. gxf4 Bxf4 19. Bxe4 dxe4 20. d5 Bxe3 21. Rxe3 Qxd5 22. Qxd5 Bxd5 23. c4 Bf7 24. Rae1 Re6 25. Rxe4 Rae8 26. Rxe6 Rxe6 27. Rxe6 Bxe6 28. Nf3 a6 1/2-1/2

[Event "ESTCC-65 2025"]
[Site "Swidnica"]
[Date "2025.04.11"]
[Round "7.2"]
[White "Joentausta, Hannu"]
[Black "Zyla, Janusz"]
[Result "1/2-1/2"]
[Annotator "ChessBase"]
[ECO "B44"]
[WhiteElo "2081"]
[BlackElo "2181"]
[PlyCount "119"]
[EventDate "2025.04.05"]
[EventType "team-tourn"]
[EventCountry "POL"]
[SourceTitle "playchess.com"]
[Source "ChessBase"]
[SourceQuality "1"]
[WhiteTeam "Finland"]
[BlackTeam "Poland"]
[WhiteTeamCountry "FIN"]
[BlackTeamCountry "POL"]
[TimeControl "40/5400+30:1800+30"]

1. e4 c5 2. Nf3 e6 3. d4 cxd4 4. Nxd4 Nc6 5. g3 Nf6 6. Bg2 Qb6 7. Nb3 d6 8. O-O Be7 9. h3 Bd7 10. Be3 Qc7 11. N1d2 O-O 12. Nd4 d5 13. Nb5 Qb8 14. exd5 Nxd5 15. Bxd5 exd5 16. Bf4 Qd8 17. Nc7 Bxh3 18. Nxa8 Bxf1 19. Nxf1 Qxa8 20. Qxd5 Rd8 21. Qe4 Rd4 22. Qe2 Qd8 23. Be3 Rd7 24. Re1 g6 25. Nd2 h5 26. Nf3 Bf6 27. c3 Kg7 28. Kg2 Qa5 29. Qc4 Qf5 30. Bc1 Rd5 31. Qe4 Qxe4 32. Rxe4 g5 33. Be3 g4 34. Nd2 a6 35. Kf1 Be5 36. Rc4 f5 37. Rc5 Rxc5 38. Bxc5 f4 39. Ne4 fxg3 40. fxg3 Kg6 41. Bd6 Kf5 42. Bxe5 Kxe4 43. Bd6 Kd3 44. Kf2 b5 45. b3 Nd8 46. c4 bxc4 47. bxc4 Kxc4 48. Ke3 Kd5 49. Be7 Nc6 50. Bf6 Ke6 51. Bc3 Kf5 52. a4 Ne5 53. a5 Nf3 54. Bb4 h4 55. gxh4 Nxh4 56. Bd6 Ke6 57. Bb8 Nf5+ 58. Kf4 g3 59. Kf3 Kd5 60. Bxg3 1/2-1/2

[Event "ESTCC-65 2025"]
[Site "Swidnica"]
[Date "2025.04.11"]
[Round "7.3"]
[White "Czajkowski, Ryszard"]
[Black "Vinke, Dietmar"]
[Result "1-0"]
[Annotator "NA"]
[ECO "E91"]
[WhiteElo "1963"]
[BlackElo "2078"]
[PlyCount "79"]
[EventDate "2025.04.05"]
[EventType "team-tourn"]
[EventCountry "POL"]
[SourceTitle "playchess.com"]
[Source "ChessBase"]
[SourceQuality "1"]
[WhiteTeam "Poland"]
[BlackTeam "Finland"]
[WhiteTeamCountry "POL"]
[BlackTeamCountry "FIN"]
[TimeControl "40/5400+30:1800+30"]

1. d4 Nf6 2. c4 g6 3. Nc3 Bg7 4. e4 d6 5. Be2 O-O 6. Nf3 Nbd7 7. O-O e5 8. dxe5 dxe5 9. Qc2 c6 10. b4 Re8 11. Rd1 Nh5 12. Bg5 Qc7 13. Be3 Nf4 14. Bf1 Nf8 15. h3 N8e6 16. Rab1 Rd8 17. Rxd8+ Qxd8 18. Rd1 Qf6 19. h4 Qe7 20. g3 Nh5 21. b5 Qc7 22. Qd2 Bf8 23. Na4 Nf6 24. Bxa7 Nxe4 25. Qe1 f5 26. Bb6 Qg7 27. Nb2 N6c5 28. Nd3 Rxa2 29. Nxc5 Nxc5 30. Qxe5 Nd7 31. Qe6+ Qf7 32. Qxf7+ Kxf7 33. bxc6 bxc6 34. Be3 h6 35. Nd4 c5 36. Nb5 Ke6 37. Nc7+ Kf7 38. Bg2 Ra7 39. Nb5 Ra6 40. Bb7 1-0

[Event "ESTCC-65 2025"]
[Site "Swidnica"]
[Date "2025.04.11"]
[Round "7.4"]
[White "Patola, Eero"]
[Black "Krupa, Krzysztof"]
[Result "1/2-1/2"]
[Annotator "NA"]
[ECO "A22"]
[WhiteElo "1872"]
[BlackElo "1919"]
[PlyCount "44"]
[EventDate "2025.04.05"]
[EventType "team-tourn"]
[EventCountry "POL"]
[SourceTitle "playchess.com"]
[Source "ChessBase"]
[SourceQuality "1"]
[WhiteTeam "Finland"]
[BlackTeam "Poland"]
[WhiteTeamCountry "FIN"]
[BlackTeamCountry "POL"]
[TimeControl "40/5400+30:1800+30"]

1. c4 e5 2. Nc3 Nf6 3. e4 Nc6 4. g3 Bc5 5. Bg2 d6 6. h3 Nd7 7. d3 Nf8 8. Nd5 Ne6 9. Ne2 O-O 10. O-O a5 11. Kh2 Ncd4 12. f4 Nxe2 13. Qxe2 c6 14. Nc3 exf4 15. gxf4 Qh4 16. Qg4 Qxg4 17. hxg4 Nd4 18. f5 f6 19. Rb1 Bd7 20. Bf4 Rfd8 21. a3 a4 22. Rfe1 Be8 1/2-1/2

[Event "ESTCC-65 2025"]
[Site "Swidnica"]
[Date "2025.04.11"]
[Round "7.5"]
[White "Beilfuss, Wilfried"]
[Black "Maier, Christian"]
[Result "1/2-1/2"]
[Annotator "ChessBase"]
[ECO "A04"]
[WhiteElo "2070"]
[BlackElo "2233"]
[PlyCount "56"]
[EventDate "2025.04.05"]
[EventType "team-tourn"]
[EventCountry "POL"]
[SourceTitle "playchess.com"]
[Source "ChessBase"]
[SourceQuality "1"]
[WhiteTeam "Germany"]
[BlackTeam "Germany"]
[WhiteTeamCountry "GER"]
[BlackTeamCountry "GER"]
[TimeControl "40/5400+30:1800+30"]

1. Nf3 d6 2. d4 g6 3. c4 Bg7 4. Nc3 Nd7 5. g3 e5 6. Bg2 exd4 7. Nxd4 Ne7 8. O-O O-O 9. e3 a6 10. b3 Rb8 11. a4 a5 12. Bb2 Ne5 13. Qd2 Re8 14. Nd5 N7c6 15. Nb5 Re7 16. Nxe7+ Qxe7 17. Nc3 Be6 18. Nd5 Bxd5 19. cxd5 Nb4 20. Bc3 Nd7 21. Bxb4 Bxa1 22. Rxa1 axb4 23. Qxb4 Qe5 24. Rd1 Nc5 25. Rd4 Ne6 26. Rd1 Nc5 27. Qc4 Qb2 28. b4 Na6 1/2-1/2

[Event "ESTCC-65 2025"]
[Site "Swidnica"]
[Date "2025.04.11"]
[Round "7.6"]
[White "Raupp, Thomas"]
[Black "Woestmann, Hans-Joachim"]
[Result "1/2-1/2"]
[Annotator "ChessBase"]
[ECO "D35"]
[WhiteElo "2247"]
[BlackElo "2029"]
[PlyCount "53"]
[EventDate "2025.04.05"]
[EventType "team-tourn"]
[EventCountry "POL"]
[SourceTitle "playchess.com"]
[Source "ChessBase"]
[SourceQuality "1"]
[WhiteTeam "Germany"]
[BlackTeam "Germany"]
[WhiteTeamCountry "GER"]
[BlackTeamCountry "GER"]
[TimeControl "40/5400+30:1800+30"]

1. c4 e6 2. d4 d5 3. Nc3 Nf6 4. cxd5 exd5 5. Bg5 Be7 6. e3 h6 7. Bh4 c6 8. Bd3 O-O 9. Qc2 Re8 10. Nge2 Nbd7 11. O-O a5 12. f3 b5 13. Bf2 Ba6 14. Kh1 Qb8 15. e4 dxe4 16. fxe4 c5 17. Bg3 Qc8 18. Bxb5 cxd4 19. Nxd4 Bc5 20. Bxa6 Qxa6 21. Nf5 Qb7 22. Rad1 Ra6 23. Bd6 Qc6 24. e5 Nxe5 25. Bxe5 Rxe5 26. Rd8+ Re8 27. Rxe8+ 1/2-1/2